SAA
ATLANTIC CITY SONICS @ TOLEDO SABOTEURS
08/18/2042
 
TOP OF THE 1ST
Atlantic City Sonics batting - Pitching for Toledo Saboteurs : LHP Jesús Crisotomo
Pitching: LHP Jesús Crisotomo
Batting: RHB Jaime López 0-0: Ball
1-0: Ball
2-0: Ball
3-0: Called Strike
3-1: Foul Ball, location: 2F
3-2: SOLO HOME RUN (Flyball, 7LD, EV 98.8 MPH), Distance : 338 ft
Batting: RHB Román Ramírez 0-0: Ball
1-0: Foul Ball, location: 2F
1-1: Called Strike
1-2: Foul Ball, location: 2F
1-2: Ground out 6-3 (Groundball, 6, EV 88.1 MPH)
Batting: RHB Luis Rodríguez 0-0: Called Strike
0-1: Fly out, F9 (Flyball, 89D, EV 83.8 MPH)
Batting: RHB Raffaello Dichio 0-0: Swinging Strike
0-1: SOLO HOME RUN (Flyball, 78XD, EV 103.1 MPH), Distance : 412 ft
Batting: RHB Garm van Opdorp 0-0: Ball
1-0: Ball
2-0: Ball
3-0: Called Strike
3-1: Base on Balls
Batting: RHB Denis Perrin 0-0: Called Strike
0-1: Swinging Strike
0-2: Foul Ball, location: 2F
0-2: Fly out, F8 (Line Drive, 8LD, EV 99.4 MPH)
Top of the 1st over - 2 runs, 2 hits, 0 errors, 1 left on base; Atlantic City 2 - Toledo 0
BOTTOM OF THE 1ST
Toledo Saboteurs batting - Pitching for Atlantic City Sonics : RHP Foeke Reus
Pitching: RHP Foeke Reus
Batting: LHB Gwang-soo Deungjeong 0-0: Called Strike
0-1: Ground out 5-3 (Groundball, 5, EV 77.5 MPH)
Batting: LHB Doug Pollock 0-0: Ball
1-0: Ground out 4-3 (Groundball, 34, EV 105.0 MPH)
Batting: LHB Steve Washington 0-0: Fly out, F6 (Popup, 56, EV 51.2 MPH)
Bottom of the 1st over - 0 runs, 0 hits, 0 errors, 0 left on base; Atlantic City 2 - Toledo 0
TOP OF THE 2ND
Atlantic City Sonics batting - Pitching for Toledo Saboteurs : LHP Jesús Crisotomo
Batting: LHB Travis Gilliam 0-0: Foul Ball, location: 2F
0-1: Foul Ball, location: 2F
0-2: Strikes out swinging
Batting: RHB Abhipala Srivastav 0-0: Ball
1-0: Ball
2-0: Foul Ball, location: 2F
2-1: Called Strike
2-2: Ground out 1-3 (Groundball, 13S, EV 67.5 MPH)
Batting: LHB Jorge Quilez 0-0: Ball
1-0: Swinging Strike
1-1: Fly out, F2 (Popup, 2RF, EV 86.9 MPH)
Top of the 2nd over - 0 runs, 0 hits, 0 errors, 0 left on base; Atlantic City 2 - Toledo 0
BOTTOM OF THE 2ND
Toledo Saboteurs batting - Pitching for Atlantic City Sonics : RHP Foeke Reus
Batting: RHB Niek Bendt 0-0: Foul Ball, location: 2F
0-1: Ball
1-1: Swinging Strike
1-2: Strikes out looking
Batting: RHB Coy MacKey 0-0: Ball
1-0: Ball
2-0: Ball
3-0: Called Strike
3-1: Swinging Strike
3-2: Strikes out swinging
Batting: SHB Mark Thomas 0-0: Called Strike
0-1: Ball
1-1: Ball
2-1: Ball
3-1: Fly out, F8 (Flyball, 8RXD, EV 91.2 MPH)
Bottom of the 2nd over - 0 runs, 0 hits, 0 errors, 0 left on base; Atlantic City 2 - Toledo 0
TOP OF THE 3RD
Atlantic City Sonics batting - Pitching for Toledo Saboteurs : LHP Jesús Crisotomo
Batting: RHB Jaime López 0-0: Called Strike
0-1: Ball
1-1: Swinging Strike
1-2: Foul Ball, location: 2F
1-2: Strikes out looking
Batting: RHB Román Ramírez 0-0: Called Strike
0-1: Ball
1-1: Hit by Pitch
Batting: RHB Luis Rodríguez 0-0: Ball
1-0: DOUBLE (Groundball, 5L, EV 94.4 MPH)
Román Ramírez to third
Batting: RHB Raffaello Dichio 0-0: SINGLE (Groundball, 6MD, EV 106.2 MPH)
Román Ramírez scores
Luis Rodríguez to third
Runner from 3rd tries for Home, SAFE, throw by CF to home
Batting: RHB Garm van Opdorp 0-0: Called Strike
0-1: Ball
1-1: Grounds into double play, 6-4-3 (Groundball, 6, EV 104.4 MPH)
Top of the 3rd over - 2 runs, 2 hits, 0 errors, 0 left on base; Atlantic City 4 - Toledo 0
BOTTOM OF THE 3RD
Toledo Saboteurs batting - Pitching for Atlantic City Sonics : RHP Foeke Reus
Batting: SHB Manuel Ortíz 0-0: Called Strike
0-1: Ball
1-1: Ball
2-1: Ball
3-1: Fly out, F8 (Flyball, 8LD, EV 93.1 MPH)
Batting: RHB Ron Ficco 0-0: Ball
1-0: Ball
2-0: Called Strike
2-1: Foul Ball, location: 2F
2-2: Ball
3-2: Foul Ball, location: 2F
3-2: Ground out 5-3 (Groundball, 56S, EV 66.9 MPH)
Batting: SHB Ralph Titus 0-0: Called Strike
0-1: Called Strike
0-2: Strikes out looking
Bottom of the 3rd over - 0 runs, 0 hits, 0 errors, 0 left on base; Atlantic City 4 - Toledo 0
TOP OF THE 4TH
Atlantic City Sonics batting - Pitching for Toledo Saboteurs : LHP Jesús Crisotomo
Batting: RHB Denis Perrin 0-0: Ground out 6-3 (Groundball, 6, EV 83.8 MPH)
Batting: LHB Travis Gilliam 0-0: Called Strike
0-1: Swinging Strike
0-2: Strikes out swinging
Batting: RHB Abhipala Srivastav 0-0: Ball
1-0: Ball
2-0: Foul Ball, location: 2F
2-1: Ball
3-1: Foul Ball, location: 2F
3-2: Base on Balls
Batting: LHB Jorge Quilez 0-0: Ball
1-0: Ball
2-0: Called Strike
2-1: Called Strike
2-2: Ground out 5-3 (Groundball, 56S, EV 86.9 MPH)
Top of the 4th over - 0 runs, 0 hits, 0 errors, 1 left on base; Atlantic City 4 - Toledo 0
BOTTOM OF THE 4TH
Toledo Saboteurs batting - Pitching for Atlantic City Sonics : RHP Foeke Reus
Batting: LHB Gwang-soo Deungjeong 0-0: Called Strike
0-1: Ball
1-1: Ball
2-1: Ground out 4-3 (Groundball, 4M, EV 87.5 MPH)
Batting: LHB Doug Pollock 0-0: Ball
1-0: Ball
2-0: Swinging Strike
2-1: Fly out, F8 (Flyball, 78D, EV 103.1 MPH)
Batting: LHB Steve Washington 0-0: Single, Error in OF, E9, batter to second base (Groundball, 34D, EV 105.6 MPH)
Batting: RHB Niek Bendt 0-0: Called Strike
0-1: Ball
1-1: Fly out, F8 (Flyball, 8LD, EV 100.6 MPH)
Bottom of the 4th over - 0 runs, 1 hit, 1 error, 1 left on base; Atlantic City 4 - Toledo 0
TOP OF THE 5TH
Atlantic City Sonics batting - Pitching for Toledo Saboteurs : LHP Jesús Crisotomo
Batting: RHB Jaime López 0-0: Ball
1-0: Called Strike
1-1: Ground out 4-3 (Groundball, 34, EV 82.5 MPH)
Batting: RHB Román Ramírez 0-0: Ball
1-0: Foul Ball, location: 2F
1-1: Called Strike
1-2: Ball
2-2: SINGLE (Groundball, 6D, EV 102.5 MPH)
Batting: RHB Luis Rodríguez 0-0: Called Strike
0-1: Foul Ball, location: 2F
0-2: Grounds into double play, 6-4-3 (Groundball, 56, EV 83.8 MPH)
Top of the 5th over - 0 runs, 1 hit, 0 errors, 0 left on base; Atlantic City 4 - Toledo 0
BOTTOM OF THE 5TH
Toledo Saboteurs batting - Pitching for Atlantic City Sonics : RHP Foeke Reus
Batting: RHB Coy MacKey 0-0: Ball
1-0: Foul Ball, location: 2F
1-1: Ball
2-1: Ball
3-1: Swinging Strike
3-2: Foul Ball, location: 2F
3-2: SINGLE (Line Drive, 89S, EV 87.5 MPH)
Batting: SHB Mark Thomas 0-0: Ball
1-0: Ball
2-0: Swinging Strike
2-1: Fielders Choice at 2nd, 4-6 (Groundball, 4D, EV 87.5 MPH)
Batting: SHB Manuel Ortíz 0-0: Ball
1-0: Ball
2-0: Swinging Strike
2-1: Called Strike
2-2: Foul Ball, location: 2F
2-2: Ground out 4-3 (Groundball, 4S, EV 86.2 MPH)
Mark Thomas to second
Batting: RHB Ron Ficco 0-0: Foul Ball, location: 2F
0-1: Fly out, F7 (Line Drive, 7, EV 85.6 MPH)
Bottom of the 5th over - 0 runs, 1 hit, 0 errors, 1 left on base; Atlantic City 4 - Toledo 0
TOP OF THE 6TH
Atlantic City Sonics batting - Pitching for Toledo Saboteurs : LHP Jesús Crisotomo
Batting: RHB Raffaello Dichio 0-0: Ball
1-0: Ball
2-0: Ball
3-0: Base on Balls
Batting: RHB Garm van Opdorp 0-0: Ball
1-0: Called Strike
1-1: Ground out 5-3 (Groundball, 56S, EV 70.0 MPH)
Raffaello Dichio to second
Batting: RHB Denis Perrin 0-0: Intentional Walk
Batting: LHB Travis Gilliam 0-0: Ball
1-0: SINGLE (Groundball, 56D, EV 108.8 MPH)
Raffaello Dichio to third
Denis Perrin to second
Runner from 3rd tries for Home, SAFE, no throw by LF
Batting: RHB Abhipala Srivastav 0-0: Fly out, F8 (Flyball, 8RM, EV 95.0 MPH)
Batting: LHB Jorge Quilez 0-0: Ball
1-0: Swinging Strike
1-1: Ground out 4-3 (Groundball, 4MD, EV 103.8 MPH)
Top of the 6th over - 1 run, 1 hit, 0 errors, 2 left on base; Atlantic City 5 - Toledo 0
BOTTOM OF THE 6TH
Toledo Saboteurs batting - Pitching for Atlantic City Sonics : RHP Foeke Reus
Batting: SHB Ralph Titus 0-0: Called Strike
0-1: Ball
1-1: Ground out 4-3 (Groundball, 4, EV 84.4 MPH)
Batting: LHB Gwang-soo Deungjeong 0-0: Ball
1-0: Foul Ball, location: 2F
1-1: Swinging Strike
1-2: Ball
2-2: Fly out, F7 (Flyball, 7LSF, EV 92.5 MPH)
Batting: LHB Doug Pollock 0-0: Called Strike
0-1: Foul Ball, location: 2F
0-2: Ball
1-2: Fly out, F5 (Popup, 25F, EV 78.1 MPH)
Bottom of the 6th over - 0 runs, 0 hits, 0 errors, 0 left on base; Atlantic City 5 - Toledo 0
TOP OF THE 7TH
Atlantic City Sonics batting - Pitching for Toledo Saboteurs : LHP Jesús Crisotomo
Batting: RHB Jaime López 0-0: Foul Ball, location: 2F
0-1: Ball
1-1: Foul Ball, location: 2F
1-2: Ball
2-2: Ball
3-2: Base on Balls
Pitching: RHP Guus Danen
Batting: RHB Román Ramírez 0-0: Called Strike
0-1: Ball
Jaime López is caught stealing 2nd base 2-4
1-1: Ground out 5-3 (Groundball, 56S, EV 83.1 MPH)
Batting: RHB Luis Rodríguez 0-0: SINGLE (Groundball, 4MD, EV 98.8 MPH)
Batting: RHB Raffaello Dichio 0-0: Called Strike
0-1: Ball
1-1: Fly out, F5 (Line Drive, 5, EV 66.9 MPH)
Top of the 7th over - 0 runs, 1 hit, 0 errors, 1 left on base; Atlantic City 5 - Toledo 0
BOTTOM OF THE 7TH
Toledo Saboteurs batting - Pitching for Atlantic City Sonics : RHP Foeke Reus
Batting: LHB Steve Washington 0-0: Fly out, F8 (Flyball, 8RM, EV 91.9 MPH)
Batting: RHB Niek Bendt 0-0: Ball
1-0: Called Strike
1-1: Ground out 5-3 (Groundball, 56, EV 100.0 MPH)
Batting: RHB Coy MacKey 0-0: Called Strike
0-1: Ground out 1-3 (Groundball, 34S, EV 71.2 MPH)
Bottom of the 7th over - 0 runs, 0 hits, 0 errors, 0 left on base; Atlantic City 5 - Toledo 0
TOP OF THE 8TH
Atlantic City Sonics batting - Pitching for Toledo Saboteurs : RHP Guus Danen
Batting: RHB Garm van Opdorp 0-0: Called Strike
0-1: Swinging Strike
0-2: Ball
1-2: Foul Ball, location: 2F
1-2: Foul Ball, location: 2F
1-2: Ball
2-2: Ball
3-2: Base on Balls
Batting: RHB Denis Perrin 0-0: Foul Ball, location: 2F
0-1: Called Strike
0-2: Foul Ball, location: 2F
0-2: Strikes out swinging
Batting: LHB Travis Gilliam 0-0: Grounds out, U3 (Groundball, 3L, EV 96.9 MPH)
Batting: RHB Abhipala Srivastav 0-0: Called Strike
0-1: Ball
1-1: Ball
2-1: Ball
3-1: Base on Balls
Batting: LHB Jorge Quilez 0-0: Fly out, F6 (Line Drive, 6, EV 72.5 MPH)
Top of the 8th over - 0 runs, 0 hits, 0 errors, 2 left on base; Atlantic City 5 - Toledo 0
BOTTOM OF THE 8TH
Toledo Saboteurs batting - Pitching for Atlantic City Sonics : RHP Foeke Reus
Batting: SHB Mark Thomas 0-0: Called Strike
0-1: SINGLE (Line Drive, 8RS, EV 102.5 MPH)
Batting: SHB Manuel Ortíz 0-0: Swinging Strike
0-1: Swinging Strike
0-2: Strikes out swinging
Pitching: LHP Einar Engberg
Batting: RHB Ron Ficco 0-0: Fly out, F8 (Flyball, 8RD, EV 96.9 MPH)
Batting: SHB Ralph Titus 0-0: Swinging Strike
0-1: Ball
1-1: Foul Ball, location: 2F
1-2: Strikes out swinging
Bottom of the 8th over - 0 runs, 1 hit, 0 errors, 1 left on base; Atlantic City 5 - Toledo 0
TOP OF THE 9TH
Atlantic City Sonics batting - Pitching for Toledo Saboteurs : RHP Guus Danen
Batting: RHB Jaime López 0-0: Ball
1-0: Ball
2-0: Ball
3-0: Called Strike
3-1: Foul Ball, location: 2F
3-2: Ground out 6-3 (Groundball, 6, EV 89.4 MPH)
Batting: RHB Román Ramírez 0-0: SINGLE (Line Drive, 89M, EV 91.9 MPH)
Batting: RHB Luis Rodríguez 0-0: Fly out, F9 (Line Drive, 9, EV 99.4 MPH)
Batting: RHB Raffaello Dichio 0-0: Ball
1-0: Ball
2-0: Foul Ball, location: 2F
2-1: Foul Ball, location: 2F
2-2: Strikes out swinging
Top of the 9th over - 0 runs, 1 hit, 0 errors, 1 left on base; Atlantic City 5 - Toledo 0
BOTTOM OF THE 9TH
Toledo Saboteurs batting - Pitching for Atlantic City Sonics : LHP Einar Engberg
Batting: LHB Gwang-soo Deungjeong 0-0: Called Strike
0-1: Ball
1-1: Called Strike
1-2: Foul Ball, location: 2F
1-2: Foul Ball, location: 2F
1-2: Ball
2-2: Ground out 6-3 (Groundball, 6, EV 79.4 MPH)
Batting: LHB Doug Pollock 0-0: Ball
1-0: Foul Ball, location: 2F
1-1: Called Strike
1-2: Strikes out swinging
Batting: LHB Steve Washington 0-0: Foul Ball, location: 2F
0-1: Ball
1-1: Foul Ball, location: 2F
1-2: Strikes out swinging, 2-3 out at first.
Bottom of the 9th over - 0 runs, 0 hits, 0 errors, 0 left on base; Atlantic City 5 - Toledo 0
Friday, March 26th, 2021 - OOTP Baseball 20.8 Build 74